 Dungeon Crawl Stone Soup version 0.30.1-11-g7821555f0a (webtiles) character file.

Game seed: 4788939309578054522

97964 pkoi the Black Belt (level 15, -3/124 (126) HPs)
             Began as a Green Draconian Monk on Nov 2, 2023.
             Was an Elder of Cheibriados.
             Slain by Saint Roka
             ... wielding a +2 war axe
              (18 damage)
             ... on level 2 of the Orcish Mines.
             The game lasted 00:57:45 (23148 turns).

pkoi the Black Belt (Green Draconian Monk)         Turns: 23148, Time: 00:57:46

HP:   -3/124 (126)  AC: 22    Str: 28    XL:     15   Next: 73%
MP:   8/25          EV: 16    Int: 35    God:    Cheibriados [****..]
Gold: 2367          SH: 18    Dex: 24    Spells: 13/26 levels left

rFire   . .          .
                       - Unarmed
rCold   + . .        h - +0 kite shield of Minor Irritation {rC+ Will++ Regen+}
rNeg    . . .        (body armour unavailable)
rPois   +            g - +0 hat
rElec   .            L - +2 cloak {Will+}
rCorr   .            u - +2 pair of gloves
SInv    .            V - +2 pair of boots
Will    ++++.        k - amulet of reflection
Stlth   +++          z - +4 ring of protection
HPRegen 1.20/turn    O - ring "Atsutem" {Fly Str+6 Int+4}
MPRegen 0.19/turn

%: reflection
@: flying, lightly drained, very slow
A: breathe noxious fumes, AC +9, unfitting armour, stinger 1, poison resistance,
cold-blooded, clever 1, robust 1
a: Breathe Noxious Fumes, Renounce Religion, Bend Time, Temporal Distortion,
Slouch


You were on level 2 of the Orcish Mines.
You worshipped Cheibriados.
Cheibriados was greatly pleased with you.
You visited 5 branches of the dungeon, and saw 24 of its levels.
You also visited: Ossuary, Gauntlet and Volcano.

You collected 2367 gold pieces.

Inventory:

Hand Weapons
 M - a +2 arbalest of flaming
 Q - a +5 dagger of venom
Missiles
 a - 27 poisoned darts (quivered)
 e - 3 curare-tipped darts
Armour
 b - an orb of light
 g - a +0 hat (worn)
 h - the +0 kite shield of Minor Irritation (worn) {rC+ Will++ Regen+}
   (You acquired it on level 3 of the Dungeon)

   rC:        It protects you from cold.
   Regen:     It increases your rate of health regeneration.
   Will:      It greatly increases your willpower.
 u - a +2 pair of gloves (worn)
 L - a +2 cloak of willpower (worn)
 V - a +2 pair of boots (worn)
Jewellery
 c - a +5 ring of evasion
 k - an amulet of reflection (around neck)
 x - a ring of protection from cold
 z - a +4 ring of protection (left hand)
 B - a ring of positive energy
 J - a ring of protection from fire
 O - the ring "Atsutem" (right hand) {Fly Str+6 Int+4}
   (You found it in a Gauntlet)

   [ring of strength]

   Str:       It affects your strength (+6).
   Int:       It affects your intelligence (+4).
   Fly:       It grants you flight.
 R - an amulet of faith
 T - an amulet of the acrobat
Wands
 o - a wand of flame (19)
 t - a wand of paralysis (31)
 v - a wand of quicksilver (16)
 A - a wand of digging (7)
 G - a wand of roots (26)
Scrolls
 i - 8 scrolls of identify
 j - 9 scrolls of teleportation
 l - 2 scrolls of poison
 m - 4 scrolls of blinking
 n - 7 scrolls of amnesia
 q - 5 scrolls of fear
 s - 3 scrolls of fog
 E - 3 scrolls of enchant armour
 F - 2 scrolls of silence
 N - 2 scrolls of enchant weapon
 U - a scroll of torment {unknown}
Potions
 d - 4 potions of might
 f - 2 potions of invisibility
 p - 4 potions of flight
 r - 7 potions of curing
 y - 5 potions of brilliance
 C - a potion of resistance
 D - a potion of cancellation
 H - 5 potions of magic
 K - 10 potions of heal wounds
 P - a potion of ambrosia


   Skills:
 - Level 6.0 Fighting
 - Level 6.0 Dodging
 - Level 3.0 Stealth
 - Level 9.0 Shields
 + Level 18.9 Unarmed Combat
 - Level 6.0 Spellcasting
 + Level 5.1 Conjurations
 + Level 8.4 Transmutations
 - Level 3.0 Fire Magic
 - Level 6.0 Poison Magic
 - Level 13.6 Invocations


You had 13 spell levels left.
You knew the following spells:

 Your Spells              Type           Power      Damage    Failure   Level
a - Ignite Poison         Fire/Tmut/Pois 50%        N/A       1%          3
b - Blade Hands           Tmut           31%        N/A       5%          5
c - Irradiate             Conj/Tmut      27%        3d20      11%         5

Your spell library contained the following spells:

 Spells                   Type           Power      Damage    Failure   Level
 Beastly Appendage        Tmut           100%       N/A       1%          1
 Wereblood                Tmut           63%        N/A       1%          2
 Spider Form              Tmut/Pois      57%        N/A       1%          3
 Shock                    Conj/Air       100%       1d9       2%          1
 Cigotuvi's Dreadful Rot  Necr/Pois/Air  48%        N/A       4%          2
 Hailstorm                Conj/Ice       28%        3d8       6%          3
 Stone Arrow              Conj/Erth      56%        3d10      6%          3
 Sublimation of Blood     Necr           10%        N/A       10%         2
 Petrify                  Tmut/Erth      40%        N/A       11%         4
 Call Canine Familiar     Summ           10%        N/A       19%         3
 Gell's Gravitas          Tloc           10%        N/A       19%         3
 Portal Projectile        Hex/Tloc       20%        N/A       19%         3
 Tukima's Dance           Hex            10%        N/A       19%         3
 Iskenderun's Mystic Bla  Conj/Tloc      28%        2d7       22%         4
 Yara's Violent Unravell  Hex/Tmut       20%        3d9       30%         5
 Leda's Liquefaction      Hex/Erth       5%         N/A       52%         4
 Passage of Golubria      Tloc           10%        N/A       52%         4
 Freezing Cloud           Conj/Ice/Air   11%        6-21      65%         5
 Borgnjor's Vile Clutch   Necr/Erth      5%         N/A       86%         5
 Dragon Form              Tmut           31%        N/A       86%         7
 Dispersal                Tloc           5%         N/A       100%        6
 Simulacrum               Ice/Necr       5%         N/A       100%        6
 Lehudib's Crystal Spear  Conj/Erth      14%        10d5      100%        8
 Animate Armour           Summ/Erth      Unusable   N/A       N/A         4

Dungeon Overview and Level Annotations

Branches:
Dungeon (14/15)            Temple (1/1) D:7            Lair (5/5) D:11
 Shoals (0/4) Lair:2        Snake (2/4) Lair:3        Slime (0/5) Lair:5
    Orc (2/2) D:12        Ossuary (visited)         Volcano (visited)
Gauntlet (visited)
    Elf: Orc:2       Vaults: D:13-14

Altars:
Ashenzari
Cheibriados
Dithmenos
Elyvilon
Fedhas
Gozag
Hepliaklqana
Kikubaaqudgha
Makhleb
Nemelex Xobeh
Okawaru
Qazlal
Ru
Sif Muna
Trog
Uskayaw
Vehumet
Wu Jian
Xom
Yredelemnul
Zin
The Shining One
Jiyva

Shops:
D:2 (   D:5 =   D:11 [   D:13 [   Orc:2 =

Annotations:
D:6 2 transporters, BapaGohns's ghost, novice DrTm
D:9 1 runed translucent door
D:11 3 runed translucent doors, Cheops's ghost, journeyman OgIE
Snake:2 Vashnia
Orc:2 Saint Roka


Innate Abilities, Weirdness & Mutations

You can breathe blasts of noxious fumes.
Your lurid green scales are hard. (AC +9)
You cannot fit into any form of body armour.
Your tail ends in a venomous barb.
Your system is resistant to poisons. (rPois)
You are cold-blooded and may be slowed by cold attacks.
Your mind is acute. (Int +4, Str/Dex -1)
You are robust. (+10% HP)


Message History

Activating: Slouch (1% risk of failure)
Press: ? - help, Dir - look around, f - activate You can feel time thicken for a moment.
Cheibriados lowers the support of your attributes as your movement quickens.
You hear a crossbow thunk.
A bolt appears from out of thin air!
The bolt hits you! The bolt burns you!
An orc comes into view. It is wielding a +0 morningstar.
You hear a crossbow thunk.
A bolt appears from out of thin air!
The bolt hits you! The bolt burns you.
The orc shouts!
Activating: Slouch (1% risk of failure)
Press: ? - help, Dir - look around, f - activate You can feel time thicken for a moment.
You kill the orc!
Cheibriados thoroughly appreciates the change of pace.
You can no longer step out of the flow of time.
Cheibriados lowers the support of your attributes as your movement quickens.
You hear a crossbow thunk.
A bolt appears from out of thin air!
The bolt barely misses you.
Unknown command.
You hear a crossbow thunk.
A bolt appears from out of thin air!
You block the bolt with an invisible shield... and reflect it back!
You hear a crossbow thunk.
A bolt appears from out of thin air!
You block the bolt with an invisible shield... and reflect it back!
You hear something mumble some strange prayers to Beogh against you.
Beogh smites you!
You hear something call down the wrath of Beogh upon you.
Beogh smites you!
Found Hecliuz's Jewellery Shoppe.
You hear a crossbow thunk.
A bolt appears from out of thin air!
The bolt hits you but does no damage.
You hear something call down the wrath of Beogh upon you.
Beogh smites you!
* * * LOW HITPOINT WARNING * * *
Something hits you!!
* * * LOW HITPOINT WARNING * * *
You barely miss something. Something hits you!!
You die...

...............................#.
...)####..#.....#..#####........)
....# ##.#.....#.##.∩#..........
..))# ###8...8###...#......#.##
....## #.....##...###........#
...))# .#.....#...# ##...)##.##
.....# ....).....# #....#####
..))## .........#####).)## #
..))).8........{@....8.))#.## #
....).)............)........# ##
..$...)......_.....)..)....## ##.
.......................#..#.###..
#.....8..............8.#.....###.
...######.........#######....# ##
...# .......... ###.## .. #
.#.....#.. ### .. ...


There were no monsters in sight!

Vanquished Creatures
  Frances (Snake:2)
  Nessos (Lair:4)
  A red draconian (Volcano)
  A minotaur (Gauntlet)
  Azrael (Orc:2)
  Snorg (Lair:5)
  2 hydras
  A hell beast (Gauntlet)
  4 centaur warriors
  6 boulder beetles
  Erica (D:8)
  2 anacondas
  4 catoblepae (Lair:3)
  A death knight (D:13)
  3 two-headed ogres
  3 death yaks (D:11)
  4 naga warriors
  An orc high priest (Orc:2)
  A shock serpent (Snake:1)
  2 naga sharpshooters (Snake:2)
  Nergalle (Orc:1)
  Urug (Lair:5)
  A salamander mystic (Snake:1)
  4 skeletal warriors (D:13)
  2 naga ritualists (Snake:1)
  An obsidian statue (Gauntlet)
  3 orc knights (Orc:2)
  2 lindwurms (Lair:1)
  Pikel (D:7)
  4 mana vipers
  2 wolf spiders
  5 ugly things
  3 cyclopes
  A deep elf pyromancer (D:13)
  2 orc sorcerers (Orc:2)
  4 salamanders
  3 manticores
  22 black mambas
  2 guardian serpents
  Maurice (D:12)
  4 naga magi (Snake:1)
  An eye of devastation (Lair:5)
  2 kobold demonologists
  Maggie (D:6)
  A gargoyle (D:12)
  18 cane toads
  2 unseen horrors
  2 rime drakes
  6 komodo dragons
  2 yaktaurs (Volcano)
  2 trolls (D:10)
  14 polar bears
  A tarantella (Lair:1)
  2 hornets (Lair:5)
  11 blink frogs
  Prince Ribbit (D:7)
  2 raiju (Lair:5)
  8 dream sheep (Lair:5)
  A snapping turtle (Lair:2)
  3 slime creatures (D:12)
  3 jumping spiders (Lair:1)
  A shadow (D:11)
  4 centaur simulacra (Gauntlet)
  A vampire (D:12)
  16 wyverns
  A wraith (D:10)
  28 yaks
  Eustachio (D:6)
  4 steam dragons
  6 fire elementals (Orc:2)
  3 vampire mosquitoes (D:10)
  4 basilisks
  3 redbacks (Lair:5)
  9 wargs
  10 nagas
  17 hell hounds
  3 acid dragons
  19 water moccasins
  Duvessa (D:6)
  A floating eye (Lair:5)
  21 orc warriors
  An ice beast (D:6)
  13 black bears
  22 wolves
  5 ogres
  3 phantoms
  19 centaurs
  2 lemures (D:7)
  Blork the orc (D:4)
  2 kobold brigands
  9 bullfrogs
  6 scorpions
  A cane toad simulacrum (Gauntlet)
  8 wights
  Dowan (D:6)
  6 killer bees (D:10)
  A howler monkey (D:9)
  An electric eel (Lair:3)
  2 lava snakes (Lair:1)
  5 centaur zombies (Ossuary)
  3 hounds (D:5)
  4 jellies
  21 orc priests
  Crazy Yiuf (D:3)
  A gnoll bouda (D:8)
  A sleepcap (D:6)
  Ijyb (D:3)
  Terence (D:2)
  2 hell rats (D:11)
  5 iguanas
  21 orc wizards
  7 mummies
  12 gnolls
  3 adders
  A river rat (D:11)
  A shadow imp (D:5)
  An ufetubus (D:6)
  A worm (D:2)
  4 dart slugs
  61 orcs
  3 ball pythons
  9 endoplasms
  6 giant cockroaches
  7 goblins
  3 hobgoblins
  4 jackals
  6 quokkas
  4 bats
  3 frilled lizards
  3 hobgoblin zombies (Ossuary)
  18 kobolds
  A kobold skeleton (D:9)
  A kobold zombie (D:7)
  An orc zombie (D:7)
  7 rats
  2 butterflies (Lair:3)
684 creatures vanquished.

Notes
Turn   | Place    | Note
-------+----------+-------------------------------------------
     0 | D:1      | pkoi the Draconian Monk began the quest for the Orb.
     0 | D:1      | Reached XP level 1. HP: 19/19 MP: 1/1
   530 | D:1      | Reached XP level 2. HP: 26/26 MP: 2/2
  1033 | D:2      | Noticed Terence
  1210 | D:1      | Reached skill level 4 in Unarmed Combat
  1578 | D:2      | Reached XP level 3. HP: 31/31 MP: 3/3
  1636 | D:2      | Found Wydeorch's Antique Weapon Shop.
  1740 | D:3      | Identified a scroll of acquirement
  1741 | D:3      | Acquired the +0 kite shield of Minor Irritation {rC+ Will++
                  | Regen+}
  1827 | D:3      | Found a runed translucent door.
  1828 | D:3      | Noticed Crazy Yiuf
  1986 | D:2      | Killed Terence
  1987 | D:2      | Reached skill level 1 in Shields
  1987 | D:2      | Reached XP level 4. HP: 38/38 MP: 4/4
  2469 | D:3      | Got the Elucidation of Vehement Shadows
  2482 | D:3      | Found a snail-covered altar of Cheibriados.
  2492 | D:3      | Became a worshipper of Cheibriados the Contemplative
  2492 | D:3      | Reached * piety under Cheibriados
  2492 | D:3      | Reached ** piety under Cheibriados
  2700 | D:4      | Noticed Ijyb
  2754 | D:3      | Killed Ijyb
  2767 | D:3      | Reached skill level 5 in Unarmed Combat
  2794 | D:3      | Reached XP level 5. HP: 45/45 MP: 5/5
  3138 | D:4      | Noticed Blork the orc
  3156 | D:4      | Killed Blork the orc
  3157 | D:4      | Reached XP level 6. HP: 39/52 MP: 6/6
  3655 | D:4      | Reached *** piety under Cheibriados
  3656 | D:4      | Your scales start taking on a lurid green colour.
  3656 | D:4      | Reached XP level 7. HP: 60/60 MP: 7/7
  3656 | D:4      | Gained mutation: Your system is resistant to poisons.
                  | (rPois) [Green Draconian growth]
  3837 | D:5      | Entered Level 5 of the Dungeon
  3837 | D:5      | Found Fanni's Jewellery Shop.
  3991 | D:5      | Found a stormy altar of Qazlal.
  4064 | D:5      | Reached skill level 6 in Unarmed Combat
  4069 | D:5      | Got the Quarto of the Elliptic Switch
  4070 | D:5      | Found a shimmering blue altar of Sif Muna.
  4075 | D:5      | Learned a level 3 spell: Ignite Poison
  4086 | D:5      | You fall into a shaft and drop 2 floors!
  4089 | D:7      | Noticed Prince Ribbit
  4096 | D:7      | Reached skill level 5 in Fighting
  4116 | D:7      | Found a sand-covered staircase.
  4125 | Ossuary  | Entered an ossuary
  4146 | Ossuary  | Reached skill level 1 in Invocations
  4269 | Ossuary  | Reached skill level 1 in Poison Magic
  4280 | Ossuary  | Reached skill level 1 in Fire Magic
  4289 | Ossuary  | Reached skill level 1 in Transmutations
  4392 | D:7      | Reached skill level 1 in Spellcasting
  4392 | D:7      | Reached XP level 8. HP: 68/68 MP: 9/9
  4423 | D:7      | Gained mutation: Your mind is acute. (Int +4, Str/Dex -1)
                  | [potion of mutation]
  4423 | D:7      | Gained mutation: You are robust. (+10% HP) [potion of
                  | mutation]
  4497 | D:7      | Killed Prince Ribbit
  4797 | D:5      | Reached **** piety under Cheibriados
  4876 | D:5      | Reached XP level 9. HP: 82/82 MP: 12/12
  5321 | D:6      | Noticed Eustachio
  5334 | D:6      | Killed Eustachio
  5335 | D:6      | Reached skill level 5 in Dodging
  5420 | D:6      | Found a transporter.
  5420 | D:6      | Noticed BapaGohns's ghost (novice DrTm)
  5426 | D:6      | Found a transporter.
  5458 | D:6      | Noticed Duvessa
  5460 | D:6      | Noticed Dowan
  5465 | D:6      | Killed Dowan
  5487 | D:6      | Killed Duvessa
  5645 | D:6      | Reached ***** piety under Cheibriados
  5646 | D:6      | Reached skill level 1 in Stealth
  5790 | D:6      | Reached skill level 5 in Shields
  5790 | D:6      | Reached skill level 7 in Unarmed Combat
  6105 | D:7      | Noticed Maggie
  6278 | D:6      | Killed Maggie
  6420 | D:7      | Found a staircase to the Ecumenical Temple.
  6436 | Temple   | Entered the Ecumenical Temple
  6436 | Temple   | Noticed a tormentor
  6436 | Temple   | Noticed a tormentor
  6437 | Temple   | Noticed Ysih the pandemonium lord
  6437 | Temple   | Noticed a hellion
  6437 | Temple   | Noticed Ficaemnu the pandemonium lord
  6438 | Temple   | Noticed a reaper
  6438 | Temple   | Noticed a balrug
  6467 | Temple   | Noticed Reisop the pandemonium lord
  6485 | Temple   | Noticed Jyssel the pandemonium lord
  6495 | Temple   | Noticed a soul eater
  6498 | Temple   | Noticed Ynettafa the pandemonium lord
  6512 | Temple   | Noticed Ymydomop the pandemonium lord
  6512 | Temple   | Noticed a green death
  6513 | Temple   | Noticed a rust devil
  6513 | Temple   | Noticed a reaper
  6514 | Temple   | Noticed a hellion
  6894 | D:8      | Noticed Pikel
  6918 | D:8      | Noticed a two-headed ogre
  6928 | D:7      | Killed Pikel
  6929 | D:7      | Reached skill level 5 in Poison Magic
  6929 | D:7      | Reached XP level 10. HP: 91/91 MP: 14/14
  6944 | D:8      | Killed a two-headed ogre
  6945 | D:8      | Reached skill level 5 in Invocations
  7237 | D:8      | Found a burning altar of Makhleb.
  7595 | D:8      | Found an ornate altar of the Wu Jian Council.
  7721 | D:8      | Noticed Erica
  7734 | D:8      | Killed Erica
  7735 | D:8      | Reached skill level 8 in Unarmed Combat
  8270 | D:9      | Found a runed translucent door.
  8277 | D:9      | Found a basalt altar of Yredelemnul.
  8354 | D:9      | Noticed a two-headed ogre
  8380 | D:9      | Killed a two-headed ogre
  8439 | D:9      | Reached XP level 11. HP: 97/97 MP: 16/16
  8492 | D:9      | Noticed a soul eater
  8511 | D:8      | Reached skill level 9 in Unarmed Combat
  8536 | D:9      | Reached ****** piety under Cheibriados
  8565 | D:9      | Found a blossoming altar of Fedhas.
  8869 | D:10     | Entered Level 10 of the Dungeon
  9124 | D:10     | Identified the +1 robe of Rotation {*Slow +Inv rPois rF++}
  9170 | D:10     | Found an ancient bone altar of Kikubaaqudgha.
  9244 | D:10     | Noticed a green ugly thing
  9262 | D:10     | Killed a green ugly thing
  9563 | D:10     | Reached skill level 10 in Unarmed Combat
  9878 | D:11     | Found Matyrph's Armour Emporium.
 10039 | D:11     | Noticed a death yak
 10069 | D:11     | Found a staircase to the Lair.
 10070 | D:11     | Noticed a death yak
 10070 | D:11     | Noticed a death yak
 10096 | D:11     | Killed a death yak
 10109 | D:11     | Killed a death yak
 10117 | D:11     | Killed a death yak
 10276 | D:11     | Found a runed translucent gate.
 10276 | D:11     | Found a runed translucent gate.
 10276 | D:11     | Found a runed translucent gate.
 10484 | D:11     | Noticed Cheops's ghost (journeyman OgIE)
 10833 | D:3      | Killed Crazy Yiuf
 11133 | Lair:1   | Entered Level 1 of the Lair of Beasts
 11197 | Lair:1   | Reached XP level 12. HP: 85/105 MP: 19/19
 11243 | Lair:1   | Found a dark tunnel.
 11252 | Volcano  | Entered a volcano
 11276 | Volcano  | Noticed a centaur warrior
 11279 | Volcano  | Killed a centaur warrior
 11280 | Volcano  | Reached skill level 11 in Unarmed Combat
 11280 | Volcano  | Reached skill level 10 in Invocations
 11283 | Volcano  | Found a burning altar of Makhleb.
 11284 | Volcano  | Noticed a red draconian
 11360 | Volcano  | HP: 5/105 [red draconian/searing blast (19)]
 11361 | Volcano  | HP: 2/105 [red draconian/searing blast (4)]
 11362 | Volcano  | Killed a red draconian
 12157 | D:12     | Found the +3 pair of seven-league boots {Rampage+∞}
 12248 | D:12     | Noticed a two-headed ogre
 12259 | D:12     | Killed a two-headed ogre
 12260 | D:12     | Reached skill level 12 in Unarmed Combat
 12262 | D:12     | Noticed a centaur warrior
 12269 | D:12     | Killed a centaur warrior
 12273 | D:12     | Found a gate leading to a gauntlet.
 12280 | Gauntlet | Entered a Gauntlet
 12280 | Gauntlet | Found a transporter.
 12280 | Gauntlet | Found a transporter.
 12295 | Gauntlet | Found a transporter.
 12308 | Gauntlet | Found a transporter.
 12325 | Gauntlet | Found a transporter.
 12325 | Gauntlet | Found a transporter.
 12325 | Gauntlet | Found a transporter.
 12327 | Gauntlet | Found a transporter.
 12327 | Gauntlet | Found a transporter.
 12339 | Gauntlet | Found a transporter.
 12355 | Gauntlet | Found a transporter.
 12365 | Gauntlet | Found a transporter.
 12367 | Gauntlet | Noticed a hell beast
 12379 | Gauntlet | Found a transporter.
 12399 | Gauntlet | Found a transporter.
 12614 | Gauntlet | Identified the +0 scale mail of Hewer {-Tele rPois Will+++
                  | Dex+3}
 12634 | Gauntlet | Killed a hell beast
 12646 | Gauntlet | Identified the ring "Atsutem" {Fly Str+6 Int+4}
 12662 | Gauntlet | Noticed a minotaur
 12679 | Gauntlet | Killed a minotaur
 12685 | Gauntlet | Identified the staff of fire "Nuuck" {rElec rF+ rC- MP+9
                  | Int+6}
 12961 | D:12     | Reached skill level 13 in Unarmed Combat
 13051 | D:12     | Noticed a boulder beetle
 13065 | D:12     | Killed a boulder beetle
 13314 | D:12     | Noticed Maurice
 13320 | D:12     | Killed Maurice
 13324 | D:12     | Found a staircase to the Orcish Mines.
 13508 | Lair:1   | Found a runed translucent door.
 13524 | Lair:1   | Reached XP level 13. HP: 105/112 MP: 22/22
 13557 | Lair:1   | Found a runed translucent gate.
 13558 | Lair:1   | Found a runed translucent gate.
 13559 | Lair:1   | Found a runed translucent gate.
 13559 | Lair:1   | Found a runed translucent gate.
 13559 | Lair:1   | Found a runed translucent gate.
 13560 | Lair:1   | Found a runed translucent gate.
 13616 | Lair:1   | Reached skill level 14 in Unarmed Combat
 13924 | Lair:2   | You are sucked into a shaft and drop 2 floors!
 14462 | Lair:4   | Noticed Nessos
 14465 | Lair:4   | Killed Nessos
 14480 | Lair:3   | Reached skill level 15 in Unarmed Combat
 14760 | Lair:2   | Found a staircase to the Shoals.
 15394 | Lair:3   | Reached skill level 16 in Unarmed Combat
 15454 | Lair:3   | Found a staircase to the Snake Pit.
 16435 | Lair:5   | Entered Level 5 of the Lair of Beasts
 16507 | Lair:5   | Paralysed by a floating eye for 4 turns
 16512 | Lair:5   | Found a staircase to the Slime Pits.
 16594 | Lair:5   | Found a viscous altar of Jiyva.
 16686 | Lair:5   | Noticed Urug
 16702 | Lair:5   | Killed Urug
 16710 | Lair:5   | Reached skill level 17 in Unarmed Combat
 16724 | Lair:5   | Gained mutation: Your tail ends in a venomous barb. [Green
                  | Draconian growth]
 16724 | Lair:5   | Reached XP level 14. HP: 120/121 MP: 23/23
 16889 | Lair:5   | Learned a level 5 spell: Blade Hands
 17137 | Lair:5   | Noticed Snorg
 17154 | Lair:5   | Killed Snorg
 18039 | Lair:5   | Reached skill level 5 in Transmutations
 18330 | Lair:5   | Reached skill level 5 in Spellcasting
 18331 | Lair:5   | Reached skill level 18 in Unarmed Combat
 18768 | D:13     | Found Hoific's Antique Armour Boutique.
 18782 | D:13     | Found an iron altar of Okawaru.
 19252 | D:13     | Reached XP level 15. HP: 100/126 MP: 24/24
 19599 | Snake:1  | Entered Level 1 of the Snake Pit
 19697 | Snake:1  | Learned a level 5 spell: Irradiate
 19829 | Snake:1  | Reached skill level 1 in Conjurations
 20404 | Snake:1  | Identified the +3 chain mail of Birdsong {Str+5}
 20907 | Snake:2  | Noticed Frances
 20913 | Snake:2  | Killed Frances
 21394 | Snake:2  | Noticed Vashnia
 21413 | Snake:2  | HP: 6/126 [black mamba (10)]
 21424 | Snake:2  | HP: 6/126 [black mamba (8)]
 21426 | Snake:2  | Noticed a nagaraja
 21796 | Orc:1    | Entered Level 1 of the Orcish Mines
 21810 | Orc:1    | Noticed Nergalle
 21822 | Orc:1    | Killed Nergalle
 22154 | Orc:2    | Entered Level 2 of the Orcish Mines
 22209 | Orc:2    | Noticed Azrael
 22229 | Orc:2    | Killed Azrael
 22486 | Orc:1    | Found a bloodstained altar of Trog.
 23088 | Orc:2    | Reached skill level 5 in Conjurations
 23136 | Orc:2    | Noticed Saint Roka
 23146 | Orc:2    | Found Hecliuz's Jewellery Shoppe.
 23148 | Orc:2    | Slain by Saint Roka

Illustrated notes

Levels and vault maps discovered:
D:1:      spicycebolla_arrival_ecumenical, layout_basic, serial_bayou_crossing
D:2:      layout_basic, serial_shops, nicolae_square_shop, minmay_tetromino_l2,
          uniq_terence
D:3:      layout_rooms, mainiacjoe_overflow_24_doors, uniq_crazy_yiuf_cottage
D:4:      layout_basic, uniq_ijyb, uniq_blork_the_orc
D:5:      layout_rooms, grunt_qazlal_clouds, lemuel_doored_altar, serial_shops,
          nicolae_stop_n_shop_2
D:6:      layout_gridville, gammafunk_ghost_arena, grunt_decor_one_mirror,
          mrwooster_statue_mirror, uniq_duvessa, uniq_eustachio
D:7:      layout_cave_pools, minmay_temple_entry_stoned_glass,
          nicolae_ossuary_entry_giza, uniq_prince_ribbit1, uniq_maggie
D:8:      kennysheep_steamy, layout_loops_ring,
          nicolae_wu_jian_immortal_techniques, david_defended_altar_orc,
          uniq_pikel, uniq_erica
D:9:      layout_roguey, lemuel_coloured_pillars_altar, dk_yredelemnul_ordeal
D:10:     layout_cave_pools, mainiacjoe_overflow_alcove_4
D:11:     layout_irregular_city, dpeg_lair_monsters, serial_shops,
          nicolae_shop_tiny_real_fake_doors, gammafunk_ghost_icy
D:12:     layout_basic, minmay_orc_entry_guard_dogs, gauntlet_entry_generic,
          uniq_maurice
D:13:     layout_roguey, serial_shops, shop, okawaru_metal_pillars_3
D:14:     layout_cave_pools, david_vaults_5, serial_shops, kennysheep_mini_moat,
          bh_circular_ruins
Temple:   nicolae_temple_panitentiary
Lair:1:   gammafunk_indiana_jones, layout_big_grid, enter_volcano_2,
          grunt_megastairs_2
Lair:2:   beast_lair_carwin_large_2, layout_loops_ring, minmay_shoals_entry_hut,
          minmay_hedge_maze
Lair:3:   layout_regular_city, minmay_snake_entry_guardpost_medium,
          serial_bayou_shore_a, lemuel_fruit_fields
Lair:4:   nzn_motion_control, layout_cellular_growth, uniq_nessos
Lair:5:   hangedman_lair_caniforms_friends, layout_regular_city,
          hangedman_lair_tendril_chambers, minmay_slime_entry_eyes, uniq_urug,
          uniq_snorg
Snake:1:  layout_concentric_octagons
Snake:2:  layout_cave_town, grunt_megastairs_3, minmay_shop_grove, uniq_vashnia,
          uniq_frances
Orc:1:    layout_caves, basic_altar, uniq_nergalle
Orc:2:    grunt_orc_cross, layout_diamond_mine, basic_altar, serial_shops, shop,
          uniq_azrael

Skill      XL: |  1  2  3  4  5  6  7  8  9 10 11 12 13 14 15 |
---------------+----------------------------------------------+-----
Unarmed Combat | 4 5 6 7 8 10 13 17 18 | 18.9
Shields        | 1 2 3 4 5 7 9 |  9.0
Dodging        | 3 4 5 6 |  6.0
Fighting       | 4 5 6 |  6.0
Invocations    | 1 3 4 6 9 12 13 | 13.6
Poison Magic   | 1 3 5 6 |  6.0
Fire Magic     | 1 2 3 |  3.0
Transmutations | 1 2 3 6 8 |  8.4
Spellcasting   | 1 2 3 5 6 |  6.0
Stealth        | 2 3 |  3.0
Conjurations   | 5 |  5.1

Action                     |  1- 3 |  4- 6 |  7- 9 | 10-12 | 13-15 || total
---------------------------+-------+-------+-------+-------+-------++-------
  Melee: Unarmed           |   112 |   176 |   461 |   717 |  1250 ||  2716
         Tailslap          |    16 |    23 |    86 |   166 |   282 ||   573
  Throw: Dart              |       |       |     7 |     7 |       ||    14
   Cast: Ignite Poison     |       |       |     2 |     8 |     3 ||    13
 Invoke: Slouch            |       |       |       |     6 |    23 ||    29
         Temporal Distorti |       |       |       |       |     2 ||     2
         Step From Time    |       |       |       |       |     1 ||     1
Ability: Breathe Noxious F |       |       |     6 |     8 |     2 ||    16
    Use: Scroll            |     8 |     6 |     6 |     2 |     3 ||    25
         Potion            |       |     4 |     6 |       |       ||    10
   Stab: Invisible         |       |     6 |     2 |       |       ||     8
         Sleeping          |       |     1 |     3 |     7 |    14 ||    25
         Confused          |       |       |     9 |       |       ||     9
         Distracted        |       |       |       |     1 |       ||     1
         Petrified         |       |       |       |       |     5 ||     5
 Armour: Skin              |    25 |    47 |   126 |   178 |   312 ||   688
  Dodge: Dodged            |    63 |    78 |   236 |   363 |   546 ||  1286
  Block: Orb               |    27 |       |       |     2 |       ||    29
         Kite shield       |    20 |   146 |   455 |   755 |  1234 ||  2610
         Reflection        |     1 |     3 |     1 |    29 |    71 ||   105
